 Dungeon Crawl Stone Soup version 0.28.0-45-g0d030f2227 (webtiles) character file.

Game seed: 3823555924503193781

2 NinjaNoafa the Ogre Mage (level 1, 0/16 HPs)
             Began as an Ogre Hedge Wizard on Apr 4, 2022.
             Succumbed to a kobold's poison
             ... on level 1 of the Dungeon.
             The game lasted 00:00:18 (418 turns).

NinjaNoafa the Ogre Mage (Ogre Hedge Wizard)         Turns: 418, Time: 00:00:18

Health: 0/16       AC:  3    Str: 13    XL:     1   Next: 40%
Magic:  5/5        EV:  9    Int: 15    God:
Gold:   0          SH:  0    Dex:  8    Spells: 6/7 levels left

rFire   . . .      SeeInvis .   a - +0 dagger
rCold   . . .      Faith    .   (no shield)
rNeg    . . .      Spirit   .   b - +0 robe
rPois   .          Reflect  .   c - +0 hat
rElec   .          Harm     .   (no cloak)
rCorr   .          Rampage  .   (gloves unavailable)
Will    .....                   (boots unavailable)
Stlth   +.........              (no amulet)
HPRegen 0.05/turn               (no ring)
MPRegen 0.09/turn               (no ring)

@: lethally poisoned (0 -> -15)
A: large, unfitting armour, tough skin 1
a: no special abilities


You were on level 1 of the Dungeon.
You visited 1 branch of the dungeon, and saw 1 of its levels.

Inventory:

Hand Weapons
 a - a +0 dagger (weapon)
Armour
 b - a +0 robe (worn)
 c - a +0 hat (worn)
Potions
 d - a potion of heal wounds {unknown}
 e - a potion of attraction {unknown}


   Skills:
 + Level 1.8 Dodging
 + Level 1.4 Stealth
 + Level 3.6 Spellcasting
 + Level 0.9 Conjurations
 + Level 0.9 Summonings
 + Level 0.9 Translocations


You had 6 spell levels left.
You knew the following spells:

 Your Spells              Type           Power      Damage    Failure   Level
a - Magic Dart            Conj           20%        1d4       13%         1

Your spell library contained the following spells:

 Spells                   Type           Power      Damage    Failure   Level
 Slow                     Hex            8%         N/A       19%         1
 Blink                    Tloc           10%        N/A       19%         2
 Call Imp                 Summ           5%         N/A       19%         2
 Conjure Flame            Conj/Fire      4%         6-21      43%         3
 Mephitic Cloud           Conj/Pois/Air  3%         N/A       45%         3


Dungeon Overview and Level Annotations

Branches:
Dungeon (1/15)

Altars:


Innate Abilities, Weirdness & Mutations

You are too large for most types of armour.
You have tough skin. (AC +1)


Message History

You miss the kobold.
You feel sick.
The kobold hits you with a +1 short sword of venom.
You are lethally poisoned!
You are too injured to fight recklessly!
You are too injured to fight recklessly!
You are too injured to fight recklessly!
You are too injured to fight recklessly!
You are too injured to fight recklessly!
You are too injured to fight recklessly!
You are too injured to fight recklessly!
You are too injured to fight recklessly!
You are too injured to fight recklessly!
You are too injured to fight recklessly!
You are too injured to fight recklessly!
You are too injured to fight recklessly!
You are too injured to fight recklessly!
You are too injured to fight recklessly!
You are too injured to fight recklessly!
You are too injured to fight recklessly!
You are too injured to fight recklessly!
You are too injured to fight recklessly!
You are too injured to fight recklessly!
You are too injured to fight recklessly!
You are too injured to fight recklessly!
You are too injured to fight recklessly!
You are too injured to fight recklessly!
You are too injured to fight recklessly!
You are too injured to fight recklessly!
You are too injured to fight recklessly!
You are too injured to fight recklessly!
You are too injured to fight recklessly!
You are too injured to fight recklessly!
You are too injured to fight recklessly!
You are too injured to fight recklessly!
You completely miss the kobold.
* * * LOW HITPOINT WARNING * * *
You feel very sick. The kobold closely misses you.
You closely miss the kobold.
You die...

##################
#.............@..#
#
#.#############K##
# #.# .# # #.# .#
# #.# .# # #.# .#
# #.# .# # #.# ..
###.#


You could see a kobold.

Vanquished Creatures
  A ball python (D:1)
  A goblin (D:1)
2 creatures vanquished.

Notes
Turn   | Place    | Note
-------+----------+-------------------------------------------
     0 | D:1      | NinjaNoafa the Ogre Hedge Wizard began the quest for the
                  | Orb.
     0 | D:1      | Reached XP level 1. HP: 16/16 MP: 5/5
   418 | D:1      | Succumbed to a kobold's poison

Illustrated notes

Levels and vault maps discovered:
D:1:      shiori_arrival_elements, layout_basic,
          hellmonk_ecumenical_altar_zigzags

Action                   || total
-------------------------++-------
Melee: Dagger            ||    15
Armor: Robe              ||     4
Dodge: Dodged            ||     4
